 Dungeon Crawl Stone Soup version 0.28-a0-413-gde365fb1df (webtiles) character file.

Game seed: 14992572483966580853

280 heikuro the Shield-Bearer (level 6, -9/49 HPs)
             Began as a Formicid Fighter on Sept 8, 2021.
             Was a Priest of Jiyva.
             Mangled by a wyvern (11 damage)
             ... on level 4 of the Dungeon.
             The game lasted 00:04:32 (3929 turns).

heikuro the Shield-Bearer (Formicid Fighter)        Turns: 3929, Time: 00:04:33

Health: -9/49      AC:  7    Str: 22    XL:     6   Next: 52%
Magic:  6/6        EV:  8    Int:  8    God:    Jiyva [***...]
Gold:   75         SH:  8    Dex: 10    Spells: 5/5 levels left

rFire   . . .      SeeInvis +   b - +0 dagger (venom)
rCold   . . .      Faith    .   h - +0 kite shield
rNeg    . . .      Spirit   .   e - +0 scale mail
rPois   .          Reflect  .   (helmet unavailable)
rElec   .          Harm     .   (no cloak)
rCorr   +          Rampage  .   (no gloves)
Will    .....                   (no boots)
Stlth   ..........              (no amulet)
HPRegen 0.16/turn               (no ring)
MPRegen 0.10/turn               (no ring)

@: no status effects
A: permanent stasis, dig shafts and tunnels, antennae 3, four strong arms
a: Dig, Shaft Self, Renounce Religion, Request Jelly


You were on level 4 of the Dungeon.
You worshipped Jiyva.
Jiyva was most pleased with you.
You visited 1 branch of the dungeon, and saw 5 of its levels.

You collected 75 gold pieces.

Inventory:

Hand Weapons
 a - a +0 long sword
 b - a +0 dagger of venom (weapon)
Armour
 e - a +0 scale mail (worn)
 h - a +0 kite shield (worn)
Wands
 i - a wand of flame (14)
Scrolls
 c - a scroll of amnesia {unknown}
 f - 2 scrolls of teleportation {unknown}
 g - a scroll of fear {unknown}
 j - a scroll of enchant weapon {unknown}
 k - a scroll of fog {unknown}
Potions
 d - a potion of might


   Skills:
 + Level 4.4 Fighting
 * Level 4.3 Long Blades
 + Level 4.4 Armour
 + Level 4.8 Shields


You had 5 spell levels left.
You didn't know any spells.
Your spell library contained the following spells:

 Spells                   Type           Power      Damage    Failure   Level
 Lesser Beckoning         Tloc           0%         N/A       100%        3
 Manifold Assault         Tloc           0%         N/A       100%        5
 Blink                    Tloc           Unusable   N/A       N/A         2

Dungeon Overview and Level Annotations

Branches:
Dungeon (5/15)
 Temple: D:4-7

Altars:
Ashenzari
Okawaru
Jiyva


Innate Abilities, Weirdness & Mutations

You cannot be hasted, slowed, berserked, paralysed or teleported.
You can dig through walls and to a lower floor.
You have a pair of large antennae on your head. (SInv)
Your four strong arms can wield two-handed weapons with a shield.


Message History

Found a stone staircase leading up.
Found an ichor-stained hand axe.
You swap places.
Key pressed, stopping explore.
Key pressed, stopping explore.
You swap places.
Key pressed, stopping explore.
You swap places.
You swap places.
You swap places.
You hear a series of splatters.
You swap places.
You swap places.
A wyvern comes into view.
The wyvern hisses angrily.
Search for what [? for help]?
Okay, then.
You hit the wyvern but do no damage.
The wyvern is poisoned.
The wyvern is lightly wounded.
The wyvern bites you! The wyvern bites you.
You barely miss the wyvern.
The wyvern is lightly wounded.
The wyvern bites you!
You completely miss the wyvern.
The wyvern is lightly wounded.
The wyvern bites you! You block the wyvern's attack.
You are too injured to fight recklessly!
You are too injured to fight recklessly!
You are too injured to fight recklessly!
You are too injured to fight recklessly!
You hit the wyvern but do no damage.
The wyvern is lightly wounded.
The wyvern bites you!
* * * LOW HITPOINT WARNING * * *
You hit the wyvern but do no damage.
The wyvern looks even sicker.
The wyvern is lightly wounded.
The wyvern bites you!
* * * LOW HITPOINT WARNING * * *
The wyvern bites you!
You die...

##### ##### .....####
#.... .......###..#
#..........##
##...........#
##....l.......##
#......@.......# #
............##.## ###
............##..## ###..
........#######..###...#
######### ##.#...###
###...### #..#.##
########## #..#.#
#....{...## ##....#


You could see a wyvern (very poisoned).

Vanquished Creatures
  A scorpion (D:5)
  A bullfrog zombie (D:3)
  An orc priest (D:5)
  3 gnolls (D:4)
  2 adders (D:2)
  A dart slug (D:3)
  7 orcs
  4 ball pythons
  7 goblins
  6 hobgoblins
  3 quokkas (D:1)
  4 bats
  3 frilled lizards
  5 kobolds
  A rat (D:1)
49 creatures vanquished.

Vanquished Creatures (others)
  An ice beast (D:5)
  A phantom (D:4)
  A centaur (D:5)
  5 jellies
  A hound (D:5)
  An orc priest (D:5)
  An orc wizard (D:5)
  Robin (D:4)
  3 adders
  4 worms
  4 orcs
  An endoplasm (D:3)
  A giant cockroach (D:4)
  3 hobgoblins (D:4)
  10 goblins (D:4)
  A kobold (D:3)
39 creatures vanquished.

Grand Total: 88 creatures vanquished

Notes
Turn   | Place    | Note
-------+----------+-------------------------------------------
     0 | D:1      | heikuro the Formicid Fighter began the quest for the Orb.
     0 | D:1      | Reached XP level 1. HP: 18/18 MP: 1/1
    54 | D:1      | Reached XP level 2. HP: 17/24 MP: 2/2
   308 | D:1      | Reached XP level 3. HP: 23/29 MP: 3/3
  1163 | D:2      | Reached XP level 4. HP: 29/37 MP: 4/4
  1163 | D:2      | Found a broken altar of Ashenzari.
  1164 | D:2      | Found a faded altar of an unknown god.
  1183 | D:2      | Became a worshipper of Jiyva Jolounin the Shapeless
  1183 | D:2      | Reached * piety under Jiyva
  1838 | D:2      | Found a viscous altar of Jiyva.
  1840 | D:2      | Found a broken altar of Ashenzari.
  2079 | D:3      | Reached XP level 5. HP: 12/42 MP: 5/5
  2190 | D:3      | Reached ** piety under Jiyva
  2413 | D:3      | Found an iron altar of Okawaru.
  2455 | D:3      | You fall into a shaft and drop 2 floors!
  2455 | D:5      | Entered Level 5 of the Dungeon
  2548 | D:5      | Noticed an ice beast
  2550 | D:5      | Noticed a centaur
  2570 | D:5      | Killed a centaur
  2571 | D:5      | Reached XP level 6. HP: 15/49 MP: 6/6
  2577 | D:5      | Killed an ice beast
  3233 | D:4      | Killed Robin
  3242 | D:4      | Reached *** piety under Jiyva
  3922 | D:4      | Noticed a wyvern
  3929 | D:4      | HP: 2/49 [wyvern (7)]
  3929 | D:4      | Mangled by a wyvern

Illustrated notes

Levels and vault maps discovered:
D:1:      tarquinn_simple_flora_water_a, layout_basic
D:2:      layout_loops_cross, basic_ecumenical_altar, basic_altar
D:3:      layout_basic, mainiacjoe_overflow_alcove_2
D:4:      layout_cave_pods, uniq_robin
D:5:      layout_basic

Skill      XL: |  1  2  3  4  5 |
---------------+----------------+-----
Shields        | 4 |  4.8
Long Blades    | 3 4 |  4.3
Fighting       | 4 |  4.4
Armour         | 4 |  4.4

Action                   |  1- 3 |  4- 6 || total
-------------------------+-------+-------++-------
Melee: Long sword        |    40 |    14 ||    54
       Dagger            |    33 |    63 ||    96
Evoke: Wand              |       |     4 ||     4
Armor: Scale mail        |    29 |    18 ||    47
Dodge: Dodged            |    34 |    23 ||    57
Block: Buckler           |    16 |       ||    16
       Kite shield       |       |    27 ||    27

Table legend: (Time is in decaauts)
 A = Elapsed time spent in this place.
 B = Non-inter-level travel time spent in this place.
 C = Inter-level travel time spent in this place.
 D = Time resting spent in this place.
 E = Time spent auto-exploring this place.
 F = Levels seen in this place.
 G = Mean time per level.
                   A        B        C        D        E       F      G
               +--------+--------+--------+--------+--------+-----+--------+
         Total |   3947 |   3888 |     59 |    785 |   2593 |   5 |  789.4 |
       Dungeon |   3947 |   3888 |     59 |    785 |   2593 |   5 |  789.4 |
               +--------+--------+--------+--------+--------+-----+--------+

Top non-repeatable levels by time:
     D:2: 1210 daAuts
     D:4: 1063 daAuts
     D:1: 761 daAuts
     D:3: 755 daAuts
     D:5: 156 daAuts
